Workbook

Sheet Síntese
B1: Checklist "10 aspetos funcionais" | K1: (ver notas de preenchimento, abaixo)
B2: Conformidade e repositório de evidências | K2: Os requisitos enumerados abaixo encontram-se hiperligados às respetivas fichas de recolha de evidências
C5: Designação do sítio web: | G5: Apoio sénior
C6: Endereço do sítio web: | G6: https://www.apoiosenior.pt/
C7: Entidade: | G7: Sixfold studio, Unipessoal Lda
C8: Data da análise: | G8: 2026-10-07
B10: S | C10: N | D10: NA
E11: 1 - MENUS DE NAVEGAÇÃO
B12: =IF('1.1'!$B$3="x","x"," ") | C12: =IF('1.1'!$C$3="x","x"," ") | D12: =IF('1.1'!$D$3="x", "x", " ") | F12: 1.1 O menu de navegação deve estar estruturado como uma lista de opções
B13: =IF('1.2'!$B$3="x","x"," ") | C13: =IF('1.2'!$C$3="x","x"," ") | D13: =IF('1.2'!$D$3="x", "x", " ") | F13: 1.2 É possível selecionar as opções e as subopções do menu quer com rato quer com teclado
B14: =IF('1.3'!$B$3="x","x"," ") | C14: =IF('1.3'!$C$3="x","x"," ") | D14: =IF('1.3'!$D$3="x", "x", " ") | F14: 1.3 As imagens-link, caso existam no menu, devem ter o correspondente equivalente alternativo em texto
E15: 2 - TÍTULOS E SUBTÍTULOS
B16: =IF('2.1'!$B$3="x","x"," ") | C16: =IF('2.1'!$C$3="x","x"," ") | D16: =IF('2.1'!$D$3="x", "x", " ") | F16: 2.1 Existe um título <h1> marcado na página
B17: =IF('2.2'!$B$3="x","x"," ") | C17: =IF('2.2'!$C$3="x","x"," ") | D17: =IF('2.2'!$D$3="x", "x", " ") | F17: 2.2 Existe uma marcação hierarquizada de títulos e subtítulos na página (<h1>...<h6>)
E18: 3 - TABELAS DE DADOS
B19: =IF('3.1'!$B$3="x","x"," ") | C19: =IF('3.1'!$C$3="x","x"," ") | D19: =IF('3.1'!$D$3="x", "x", " ") | F19: 3.1 As células que constituem os cabeçalhos da tabela estão marcadas com o elemento <th>
B20: =IF('3.2'!$B$3="x","x"," ") | C20: =IF('3.2'!$C$3="x","x"," ") | D20: =IF('3.2'!$D$3="x", "x", " ") | F20: 3.2 A legenda da tabela está marcada com o elemento <caption>
E21: 4 - FORMULÁRIOS
B22: =IF('4.1'!$B$3="x","x"," ") | C22: =IF('4.1'!$C$3="x","x"," ") | D22: =IF('4.1'!$D$3="x", "x", " ") | F22: 4.1 Ao clicar com o rato na etiqueta, o cursor surge no respetivo campo de edição
B23: =IF('4.2'!$B$3="x","x"," ") | C23: =IF('4.2'!$C$3="x","x"," ") | D23: =IF('4.2'!$D$3="x", "x", " ") | F23: 4.2 É possível identificar os campos de preenchimento obrigatório quando se usa apenas um leitor de ecrã
B24: =IF('4.3'!$B$3="x","x"," ") | C24: =IF('4.3'!$C$3="x","x"," ") | D24: =IF('4.3'!$D$3="x", "x", " ") | F24: 4.3 É possível localizar e ler as mensagens de erro usando apenas um leitor de ecrã
E25: 5 - GRÁFICOS E IMAGENS-LINK
B26: =IF('5.1'!$B$3="x","x"," ") | C26: =IF('5.1'!$C$3="x","x"," ") | D26: =IF('5.1'!$D$3="x", "x", " ") | F26: 5.1 A imagem ou gráfico tem um equivalente alternativo em texto curto e correto
B27: =IF('5.2'!$B$3="x","x"," ") | C27: =IF('5.2'!$C$3="x","x"," ") | D27: =IF('5.2'!$D$3="x", "x", " ") | F27: 5.2 O gráfico é acompanhado de uma descrição longa
B28: =IF('5.3'!$B$3="x","x"," ") | C28: =IF('5.3'!$C$3="x","x"," ") | D28: =IF('5.3'!$D$3="x", "x", " ") | F28: 5.3 As imagens-link têm um equivalente alternativo correto
E29: 6 - CONTRASTE
B30: =IF('6.1'!$B$3="x","x"," ") | C30: =IF('6.1'!$C$3="x","x"," ") | D30: =IF('6.1'!$D$3="x", "x", " ") | F30: 6.1 No corpo de um documento, o rácio de contraste entre a cor do texto normal (menor que 18 pontos ou menor que 14 pontos negrito) e a cor do fundo é superior a 4,5:1
B31: =IF('6.2'!$B$3="x","x"," ") | C31: =IF('6.2'!$C$3="x","x"," ") | D31: =IF('6.2'!$D$3="x", "x", " ") | F31: 6.2 O rácio de contraste entre a cor do texto de tamanho grande (maior ou igual que 18 pontos ou maior ou igual que 14 pontos negrito) e a cor do fundo é superior a 3:1
E32: 7 - PLAYERS
B33: =IF('7.1'!$B$3="x","x"," ") | C33: =IF('7.1'!$C$3="x","x"," ") | D33: =IF('7.1'!$D$3="x", "x", " ") | F33: 7.1 Deve ser possível ativar os botões de controlo do leitor quer com o rato quer com o teclado
B34: =IF('7.2'!$B$3="x","x"," ") | C34: =IF('7.2'!$C$3="x","x"," ") | D34: =IF('7.2'!$D$3="x", "x", " ") | F34: 7.2 O vídeo ou o áudio deve conter preferencialmente legendas fechadas sincronizadas. Caso não seja possível, no mínimo, deve disponibilizar-se uma transcrição textual
E35: 8 - ESTRUTURA DA PÁGINA
B36: =IF('8.1'!$B$3="x","x"," ") | C36: =IF('8.1'!$C$3="x","x"," ") | D36: =IF('8.1'!$D$3="x", "x", " ") | F36: 8.1 Quando se retira a CSS, todos os elementos HTML devem alinhar à esquerda
B37: =IF('8.2'!$B$3="x","x"," ") | C37: =IF('8.2'!$C$3="x","x"," ") | D37: =IF('8.2'!$D$3="x", "x", " ") | F37: 8.2 Quando se retira a CSS, a informação aparece numa ordem lógica
B38: =IF('8.3'!$B$3="x","x"," ") | C38: =IF('8.3'!$C$3="x","x"," ") | D38: =IF('8.3'!$D$3="x", "x", " ") | F38: 8.3 Quando se retira a CSS, deve ser possível reconhecer a semântica dos diversos elementos
B39: =IF('8.4'!$B$3="x","x"," ") | C39: =IF('8.4'!$C$3="x","x"," ") | D39: =IF('8.4'!$D$3="x", "x", " ") | F39: 8.4 Quando se retira a CSS, a informação relevante permanece visível
B40: =IF('8.5'!$B$3="x","x"," ") | C40: =IF('8.5'!$C$3="x","x"," ") | D40: =IF('8.5'!$D$3="x", "x", " ") | F40: 8.5 A maquetização da página é feita sem recorrer ao elemento <table>
E41: 9 - MODAIS
B42: =IF('9.1'!$B$3="x","x"," ") | C42: =IF('9.1'!$C$3="x","x"," ") | D42: =IF('9.1'!$D$3="x", "x", " ") | F42: 9.1 Quando a caixa de diálogo é aberta, o foco (cursor do Browser) move-se para um elemento dentro da caixa de diálogo
B43: =IF('9.2'!$B$3="x","x"," ") | C43: =IF('9.2'!$C$3="x","x"," ") | D43: =IF('9.2'!$D$3="x", "x", " ") | F43: 9.2 Quando uma caixa de diálogo está aberta, a navegação com teclado (Browser ou Tecnologia de apoio) tem de ficar circunscrita aos elementos que compõem a caixa de diálogo
B44: =IF('9.3'!$B$3="x","x"," ") | C44: =IF('9.3'!$C$3="x","x"," ") | D44: =IF('9.3'!$D$3="x", "x", " ") | F44: 9.3 A caixa de diálogo tem de ter um mecanismo que permita sair ou fechar a caixa, quer através de teclado quer através de um dispositivo apontador
B45: =IF('9.4'!$B$3="x","x"," ") | C45: =IF('9.4'!$C$3="x","x"," ") | D45: =IF('9.4'!$D$3="x", "x", " ") | F45: 9.4 Quando a caixa de diálogo fecha, o foco (cursor do Browser) deve voltar ao elemento interativo que a invocou
E46: 10 - FICHEIROS PDF
B47: =IF('10.1'!$B$3="x","x"," ") | C47: =IF('10.1'!$C$3="x","x"," ") | D47: =IF('10.1'!$D$3="x", "x", " ") | F47: 10.1 Nos ficheiros PDF é possível, no mínimo, extrair o conteúdo textual para formato TXT
F51: Conformidade:
F52: Testes não aplicáveis: | H52: =COUNTIF(D12:D47,"x")
F53: Bateria de testes: | H53: 27
H54: =COUNTIF($B$12:$B$47,"x")/(H53-COUNTIF($D$12:$D$47,"x"))
F56: Nota de preenchimento:
G58: Na "Folha Síntese" há que preencher 4 campos: - Designação do sítio web - Endereço do sítio web - A Entidade proprietária - A data da análise Estes 4 campos estão identificados com fundo amarelo e encontram-se nas células G1 a G8 respetivamente. Para utilizadores de leitores de ecrã, estes podem identificar as células de preenchimento pela sua cor de fundo, a qual é anunciada pelo leitor. Por exemplo, o VoiceOver lê "preenchimento cor sólida amarela". Utilize as hiperligações existentes na checklist para navegar até às folhas interiores, cada uma dedicada à recolha de evidências para cada um dos requisitos. Nas folhas interiores - da 1.1 à 10.1 - apenas é necessário assinalar com um 'X' as colunas S (Sim), N (Não), NA (Não Aplicável), respetivamente as células B3, C3 e D3. De notar que estas células são automaticamente recolhidas e copiadas para a Folha Síntese. Nas folhas interiores, por debaixo da indicação "Listagem de evidências", deve colocar as imagens e efetuar as notas que o levam a considerar que passa esse requisito (Sim), a justificar porque não passa esse requisito (Não) ou porque é que o requisito não é aplicável (NA) ao sítio web em análise.

Sheet 1.1
A1: voltar à página inicial | F1: 1 - MENUS DE NAVEGAÇÃO
B2: S | C2: N | D2: NA
B3: x | F3: 1.1 O menu de navegação deve estar estruturado como uma lista de opções
F4: Para que possa ser bem interpretado por tecnologias de apoio, os menus e submenus devem estar estruturados com elementos nativos, do tipo <ul>, ou com a semântica e o estado dos elementos identificados com técnicas em ARIA.
B6: Listagem de evidências
B7: A navegação principal está num <nav aria-label="Navegação principal"> com as opções numa lista <ul><li>, tanto nas páginas da aplicação como nas páginas geradas no servidor (agregadoras, estatísticas, declaração). | J7: Notas:
B8: Amostra (13 páginas): /, /pedir-orcamento, /servicos, /como-funciona, /sobre-nos, /guias-apoio-senior, /guias-apoio-senior/pensao-de-sobrevivencia-o-que-fazer-apos-a-morte-de-um-familiar, /servico/all4senior-caldas-da-rainha-nossa-senhora-do-populo, /lares-em-lisboa, /estatisticas, /precos, /politica-privacidade, /acessibilidade.

Sheet 1.2
A1: voltar à página inicial | F1: 1 - MENUS DE NAVEGAÇÃO
B2: S | C2: N | D2: NA
B3: x | F3: 1.2 É possível selecionar as opções e as subopções do menu quer com rato quer com teclado
F4: Deve ser possível percorrer a estrutura de navegação quer com um dispositivo apontador quer com o teclado.
B6: Listagem de evidências
B7: Todas as opções do menu são ligações nativas, alcançáveis com Tab e ativadas com Enter, com foco visível. Não há submenus. No telemóvel, os atalhos do cabeçalho são também ligações. | J7: Notas:
B8: Amostra (13 páginas): /, /pedir-orcamento, /servicos, /como-funciona, /sobre-nos, /guias-apoio-senior, /guias-apoio-senior/pensao-de-sobrevivencia-o-que-fazer-apos-a-morte-de-um-familiar, /servico/all4senior-caldas-da-rainha-nossa-senhora-do-populo, /lares-em-lisboa, /estatisticas, /precos, /politica-privacidade, /acessibilidade.

Sheet 1.3
A1: voltar à página inicial | F1: 1 - MENUS DE NAVEGAÇÃO
B2: S | C2: N | D2: NA
B3: x | F3: 1.3 As imagens-link, caso existam no menu, devem ter o correspondente equivalente alternativo em texto
F4: As imagens corretamente legendadas permitem ser interpretadas como texto, tornando todas as opções de navegação acessíveis.
B6: Listagem de evidências
B7: A única imagem-ligação do menu é o logótipo, com texto alternativo "Apoio sénior". Os atalhos com ícone no telemóvel têm aria-label ("Encontrar serviços", "Pedir propostas"). | J7: Notas:
B8: Amostra (13 páginas): /, /pedir-orcamento, /servicos, /como-funciona, /sobre-nos, /guias-apoio-senior, /guias-apoio-senior/pensao-de-sobrevivencia-o-que-fazer-apos-a-morte-de-um-familiar, /servico/all4senior-caldas-da-rainha-nossa-senhora-do-populo, /lares-em-lisboa, /estatisticas, /precos, /politica-privacidade, /acessibilidade.

Sheet 2.1
A1: voltar à página inicial | F1: 2 - TÍTULOS E SUBTÍTULOS
B2: S | C2: N | D2: NA
B3: x | F3: 2.1 Existe um título <h1> marcado na página
F4: O título principal de cada página, que sumariza o seu conteúdo, deve ser identificado como o primeiro nível dos títulos (h1). Não deverá ser utilizado mais do que um <h1> por página.
B6: Listagem de evidências
B7: Todas as páginas da amostra têm um, e um só, título <h1> (confirmado pelo AccessMonitor e por script). | J7: Notas:
B8: Amostra (13 páginas): /, /pedir-orcamento, /servicos, /como-funciona, /sobre-nos, /guias-apoio-senior, /guias-apoio-senior/pensao-de-sobrevivencia-o-que-fazer-apos-a-morte-de-um-familiar, /servico/all4senior-caldas-da-rainha-nossa-senhora-do-populo, /lares-em-lisboa, /estatisticas, /precos, /politica-privacidade, /acessibilidade.

Sheet 2.2
A1: voltar à página inicial | F1: 2 - TÍTULOS E SUBTÍTULOS
B2: S | C2: N | D2: NA
B3: x | F3: 2.2 Existe uma marcação hierarquizada de títulos e subtítulos na página (<h1>...<h6>)
F4: Os títulos são empregues de forma hierárquica para melhor estruturar os conteúdos, das informações mais gerais às mais particulares. Deverão ser usados de forma consistente por todo o sítio Web.
B6: Listagem de evidências
B7: Os títulos seguem a ordem h1, h2, h3 sem saltos em todas as páginas da amostra. Corrigidos a 2026-10-07: títulos dos cartões de serviços, dos blocos da ficha da instituição e dos cartões do formulário, que saltavam de h1 para h3. | J7: Notas:
B8: Amostra (13 páginas): /, /pedir-orcamento, /servicos, /como-funciona, /sobre-nos, /guias-apoio-senior, /guias-apoio-senior/pensao-de-sobrevivencia-o-que-fazer-apos-a-morte-de-um-familiar, /servico/all4senior-caldas-da-rainha-nossa-senhora-do-populo, /lares-em-lisboa, /estatisticas, /precos, /politica-privacidade, /acessibilidade.

Sheet 3.1
A1: voltar à página inicial | F1: 3 - TABELAS DE DADOS
B2: S | C2: N | D2: NA
B3: x | F3: 3.1 As células que constituem os cabeçalhos da tabela estão marcadas com o elemento <th>
F4: Identificar os cabeçalhos de uma tabela ajuda a melhor identificar os eixos que caracterizam a informação em cada célula.
B6: Listagem de evidências
B7: As tabelas de /estatisticas, /precos e da política de privacidade usam <th> nas células de cabeçalho, dentro de <thead>. | J7: Notas:
B8: Amostra (13 páginas): /, /pedir-orcamento, /servicos, /como-funciona, /sobre-nos, /guias-apoio-senior, /guias-apoio-senior/pensao-de-sobrevivencia-o-que-fazer-apos-a-morte-de-um-familiar, /servico/all4senior-caldas-da-rainha-nossa-senhora-do-populo, /lares-em-lisboa, /estatisticas, /precos, /politica-privacidade, /acessibilidade.

Sheet 3.2
A1: voltar à página inicial | F1: 3 - TABELAS DE DADOS
B2: S | C2: N | D2: NA
B3: x | F3: 3.2 A legenda da tabela está marcada com o elemento <caption>
F4: Todas as tabelas deverão conter uma legenda descritiva do seu conteúdo, incluindo as fontes da informação, se necessário.
B6: Listagem de evidências
B7: Todas as tabelas da amostra têm <caption>: visível em /estatisticas e na política de privacidade, só para leitores de ecrã nas tabelas de /precos, onde o título da secção já está à vista. | J7: Notas:
B8: Amostra (13 páginas): /, /pedir-orcamento, /servicos, /como-funciona, /sobre-nos, /guias-apoio-senior, /guias-apoio-senior/pensao-de-sobrevivencia-o-que-fazer-apos-a-morte-de-um-familiar, /servico/all4senior-caldas-da-rainha-nossa-senhora-do-populo, /lares-em-lisboa, /estatisticas, /precos, /politica-privacidade, /acessibilidade.

Sheet 4.1
A1: voltar à página inicial | F1: 4 - ESTRUTURA DA INFORMAÇÃO
B2: S | C2: N | D2: NA
B3: x | F3: 4.1 Ao clicar com o rato na etiqueta, o cursor surge no respetivo campo de edição
F4: De forma a tornar a seleção de campos pequenos mais fácil, a legenda deverá estar associada ao campo respetivo com o elemento <label>, pois desta forma aumenta-se a sua área clicável. Para os utilizadores de leitores de ecrã (pessoas cegas) a associação da etiqueta ao campo de edição é também fundamental.
B6: Listagem de evidências
B7: No formulário de pedido de propostas, as etiquetas "Nome completo", "Email", "Telefone", "Descreva o que procura", "Orçamento" e "Informações adicionais" estão associadas ao campo por for/id: clicar na etiqueta põe o cursor no campo. As escolhas do passo 1 são botões, não campos de edição, e anunciam o estado com aria-pressed. | J7: Notas:
B8: Amostra (13 páginas): /, /pedir-orcamento, /servicos, /como-funciona, /sobre-nos, /guias-apoio-senior, /guias-apoio-senior/pensao-de-sobrevivencia-o-que-fazer-apos-a-morte-de-um-familiar, /servico/all4senior-caldas-da-rainha-nossa-senhora-do-populo, /lares-em-lisboa, /estatisticas, /precos, /politica-privacidade, /acessibilidade.

Sheet 4.2
A1: voltar à página inicial | F1: 4 - ESTRUTURA DA INFORMAÇÃO
B2: S | C2: N | D2: NA
B3: x | F3: 4.2 É possível identificar os campos de preenchimento obrigatório quando se usa apenas um leitor de ecrã
F4: Os campos obrigatórios devem ser preferencialmente agrupados na parte inicial de um formulário e claramente identificados como tal. Se não for possível, cada campo deverá estar identificado textualmente ou como Obrigatório ou como Opcional. Não deverão ser usados apenas símbolos ou cores como elemento identificador.
B6: Listagem de evidências
B7: Os campos obrigatórios têm o atributo required e a etiqueta inclui o asterisco. O botão de envio só fica ativo quando os campos obrigatórios estão preenchidos. | J7: Notas:
B8: Amostra (13 páginas): /, /pedir-orcamento, /servicos, /como-funciona, /sobre-nos, /guias-apoio-senior, /guias-apoio-senior/pensao-de-sobrevivencia-o-que-fazer-apos-a-morte-de-um-familiar, /servico/all4senior-caldas-da-rainha-nossa-senhora-do-populo, /lares-em-lisboa, /estatisticas, /precos, /politica-privacidade, /acessibilidade.

Sheet 4.3
A1: voltar à página inicial | F1: 4 - ESTRUTURA DA INFORMAÇÃO
B2: S | C2: N | D2: NA
B3: x | F3: 4.3 É possível localizar e ler as mensagens de erro usando apenas um leitor de ecrã
F4: Os erros identificados no decorrer do preenchimento de um formulário deverão preferencialmente ser listados de forma condensada, direcionando cada elemento da lista ao respetivo campo. Cada campo deverá associar a mensagem de erro a si próprio. As mensagens de erro deverão ser breves e claras.
B6: Listagem de evidências
B7: As mensagens de erro do envio aparecem junto ao botão, numa caixa com role="alert", que os leitores de ecrã anunciam no momento em que surge. | J7: Notas:
B8: Amostra (13 páginas): /, /pedir-orcamento, /servicos, /como-funciona, /sobre-nos, /guias-apoio-senior, /guias-apoio-senior/pensao-de-sobrevivencia-o-que-fazer-apos-a-morte-de-um-familiar, /servico/all4senior-caldas-da-rainha-nossa-senhora-do-populo, /lares-em-lisboa, /estatisticas, /precos, /politica-privacidade, /acessibilidade.

Sheet 5.1
A1: voltar à página inicial | F1: 5 - GRÁFICOS E IMAGENS-LINK
B2: S | C2: N | D2: NA
B3: x | F3: 5.1 A imagem ou gráfico tem um equivalente alternativo em texto curto e correto
F4: As imagens não decorativas deverão ter uma descrição breve associada, nomeadamente através do uso do atributo <ALT>. Esta legenda deve descrever fielmente o propósito da imagem no contexto em que se encontra.
B6: Listagem de evidências
B7: Todas as imagens da amostra têm atributo alt: descritivo nas fotografias e ilustrações com conteúdo, vazio nas decorativas (formas de fundo). | J7: Notas:
B8: Amostra (13 páginas): /, /pedir-orcamento, /servicos, /como-funciona, /sobre-nos, /guias-apoio-senior, /guias-apoio-senior/pensao-de-sobrevivencia-o-que-fazer-apos-a-morte-de-um-familiar, /servico/all4senior-caldas-da-rainha-nossa-senhora-do-populo, /lares-em-lisboa, /estatisticas, /precos, /politica-privacidade, /acessibilidade.

Sheet 5.2
A1: voltar à página inicial | F1: 5 - GRÁFICOS E IMAGENS-LINK
B2: S | C2: N | D2: NA
D3: x | F3: 5.2 O gráfico é acompanhado de uma descrição longa
F4: Gráficos resultantes de análise de dados deverão ser acompanhados da tabela de dados que lhe deu origem, de forma a preservar o acesso à informação completa.
B6: Listagem de evidências
B7: Não existem gráficos na amostra. Os números de /estatisticas e /precos são apresentados em tabelas. | J7: Notas:
B8: Amostra (13 páginas): /, /pedir-orcamento, /servicos, /como-funciona, /sobre-nos, /guias-apoio-senior, /guias-apoio-senior/pensao-de-sobrevivencia-o-que-fazer-apos-a-morte-de-um-familiar, /servico/all4senior-caldas-da-rainha-nossa-senhora-do-populo, /lares-em-lisboa, /estatisticas, /precos, /politica-privacidade, /acessibilidade.

Sheet 5.3
A1: voltar à página inicial | F1: 5 - GRÁFICOS E IMAGENS-LINK
B2: S | C2: N | D2: NA
B3: x | F3: 5.3 As imagens-link têm um equivalente alternativo correto
F4: As hiperligações compostas apenas por uma imagem obrigam que esta tenha um equivalente alternativo em texto que represente fielmente o destino da hiperligação.
B6: Listagem de evidências
B7: As imagens-ligação (logótipo, Instagram, Facebook) têm texto alternativo que descreve o destino ("Apoio sénior", "Instagram Apoio sénior em Portugal", "Facebook Apoio sénior em Portugal"). | J7: Notas:
B8: Amostra (13 páginas): /, /pedir-orcamento, /servicos, /como-funciona, /sobre-nos, /guias-apoio-senior, /guias-apoio-senior/pensao-de-sobrevivencia-o-que-fazer-apos-a-morte-de-um-familiar, /servico/all4senior-caldas-da-rainha-nossa-senhora-do-populo, /lares-em-lisboa, /estatisticas, /precos, /politica-privacidade, /acessibilidade.

Sheet 6.1
A1: voltar à página inicial | F1: 6 - CONTRASTE
B2: S | C2: N | D2: NA
B3: x | F3: 6.1 No corpo de um documento, o rácio de contraste entre a cor do texto normal (menor que 18 pontos ou menor que 14 pontos negrito) e a cor do fundo é superior a 4,5:1
F4: Deve assegurar-se no corpo do documento que o rácio de contraste entre a cor do texto e a cor de fundo é, no mínimo, de 4,5:1, de forma a assegurar a sua legibilidade para utilizadores com deficiências da visão.
B6: Listagem de evidências
B7: Texto normal com contraste igual ou superior a 4,5:1 em todas as páginas da amostra (AccessMonitor sem falhas de contraste e verificação por script com as cores calculadas). Corrigidos a 2026-10-07: botões azuis, etiquetas verdes, cinzentos dos filtros, ligações do rodapé e texto secundário das páginas agregadoras. | J7: Notas:
B8: Amostra (13 páginas): /, /pedir-orcamento, /servicos, /como-funciona, /sobre-nos, /guias-apoio-senior, /guias-apoio-senior/pensao-de-sobrevivencia-o-que-fazer-apos-a-morte-de-um-familiar, /servico/all4senior-caldas-da-rainha-nossa-senhora-do-populo, /lares-em-lisboa, /estatisticas, /precos, /politica-privacidade, /acessibilidade.

Sheet 6.2
A1: voltar à página inicial | F1: 6 - CONTRASTE
B2: S | C2: N | D2: NA
B3: x | F3: 6.2 O rácio de contraste entre a cor do texto de tamanho grande (maior ou igual que 18 pontos ou maior ou igual que 14 pontos negrito) e a cor do fundo é superior a 3:1
F4: Os textos de tamanho superior a 18 pontos, ou os textos de tamanho superior a 14 pontos mas a negrito, devem assegurar um rácio de contraste mínimo de 3:1 entre a cor do texto e a cor do fundo.
B6: Listagem de evidências
B7: Texto grande com contraste igual ou superior a 3:1. Os títulos amarelos do rodapé passaram a 19 píxeis em negrito (texto grande), com 3,6:1 sobre o azul. | J7: Notas:
B8: Amostra (13 páginas): /, /pedir-orcamento, /servicos, /como-funciona, /sobre-nos, /guias-apoio-senior, /guias-apoio-senior/pensao-de-sobrevivencia-o-que-fazer-apos-a-morte-de-um-familiar, /servico/all4senior-caldas-da-rainha-nossa-senhora-do-populo, /lares-em-lisboa, /estatisticas, /precos, /politica-privacidade, /acessibilidade.

Sheet 7.1
A1: voltar à página inicial | F1: 7 - PLAYERS
B2: S | C2: N | D2: NA
D3: x | F3: 7.1 Deve ser possível ativar os botões de controlo do leitor quer com o rato quer com o teclado
F4: Os leitores de multimédia não devem iniciar automaticamente a reprodução dos elementos e têm de ser operáveis usando apenas um rato ou usando apenas um teclado.
B6: Listagem de evidências
B7: Não existem leitores de vídeo ou de áudio na amostra. | J7: Notas:
B8: Amostra (13 páginas): /, /pedir-orcamento, /servicos, /como-funciona, /sobre-nos, /guias-apoio-senior, /guias-apoio-senior/pensao-de-sobrevivencia-o-que-fazer-apos-a-morte-de-um-familiar, /servico/all4senior-caldas-da-rainha-nossa-senhora-do-populo, /lares-em-lisboa, /estatisticas, /precos, /politica-privacidade, /acessibilidade.

Sheet 7.2
A1: voltar à página inicial | F1: 7 - PLAYERS
B2: S | C2: N | D2: NA
D3: x | F3: 7.2 O vídeo ou o áudio deve conter preferencialmente legendas fechadas sincronizadas. Caso não seja possível, no mínimo, deve disponibilizar-se uma transcrição textual
F4: O uso de legendas fechadas destina-se essencialmente a pessoas surdas. Recomendam-se para a produção das referidas legendas técnicas de tradaptação conhecidas para o efeito bem como o enriquecimento das legendas de sons cuja mensagem não seja percetível visualmente (por ex., o toque de uma campaínha de uma porta). Para vídeos com mensagens eminentemente visuais (por ex., um vídeo com música de fundo que passa um conjunto de mensagens apenas percetíveis à visão), os mesmos devem ter uma versão equivalente alternativa com produção de audiodescrição. A audiodescrição é fundamental para que pessoas cegas ou com baixa visão possam percecionar a mensagem veiculada.
B6: Listagem de evidências
B7: Não existem vídeos nem áudios na amostra. | J7: Notas:
B8: Amostra (13 páginas): /, /pedir-orcamento, /servicos, /como-funciona, /sobre-nos, /guias-apoio-senior, /guias-apoio-senior/pensao-de-sobrevivencia-o-que-fazer-apos-a-morte-de-um-familiar, /servico/all4senior-caldas-da-rainha-nossa-senhora-do-populo, /lares-em-lisboa, /estatisticas, /precos, /politica-privacidade, /acessibilidade.

Sheet 8.1
A1: voltar à página inicial | F1: 8 - ESTRUTURA DA PÁGINA
B2: S | C2: N | D2: NA
B3: x | F3: 8.1 Quando se retira a CSS, todos os elementos HTML devem alinhar à esquerda
F4: Quando se desativam todos os estilos visuais, o conteúdo da página é apresentado alinhado à esquerda e apresenta-se de forma linear.
B6: Listagem de evidências
B7: Sem CSS, o conteúdo apresenta-se linear e alinhado à esquerda. Os estilos estão em folhas externas e em classes; não há tabelas de paginação. | J7: Notas:
B8: Amostra (13 páginas): /, /pedir-orcamento, /servicos, /como-funciona, /sobre-nos, /guias-apoio-senior, /guias-apoio-senior/pensao-de-sobrevivencia-o-que-fazer-apos-a-morte-de-um-familiar, /servico/all4senior-caldas-da-rainha-nossa-senhora-do-populo, /lares-em-lisboa, /estatisticas, /precos, /politica-privacidade, /acessibilidade.

Sheet 8.2
A1: voltar à página inicial | F1: 8 - ESTRUTURA DA PÁGINA
B2: S | C2: N | D2: NA
B3: x | F3: 8.2 Quando se retira a CSS, a informação aparece numa ordem lógica
F4: Tendo em conta que o posicionamento de elementos no código pode não refletir a ordem visual de leitura, deve ser assegurada a ordem correta do conteúdo quando se desativam os estilos visuais.
B6: Listagem de evidências
B7: Sem CSS, a ordem é lógica: ligação para saltar para o conteúdo, cabeçalho e menu, conteúdo principal, rodapé. A ordem do código coincide com a ordem visual. | J7: Notas:
B8: Amostra (13 páginas): /, /pedir-orcamento, /servicos, /como-funciona, /sobre-nos, /guias-apoio-senior, /guias-apoio-senior/pensao-de-sobrevivencia-o-que-fazer-apos-a-morte-de-um-familiar, /servico/all4senior-caldas-da-rainha-nossa-senhora-do-populo, /lares-em-lisboa, /estatisticas, /precos, /politica-privacidade, /acessibilidade.

Sheet 8.3
A1: voltar à página inicial | F1: 8 - ESTRUTURA DA PÁGINA
B2: S | C2: N | D2: NA
B3: x | F3: 8.3 Quando se retira a CSS, deve ser possível reconhecer a semântica dos diversos elementos
F4: Os elementos que estruturam o conteúdo devem estar semanticamente bem estruturados, usando os elementos de HTML apropriados a cada tipo de conteúdo, como títulos, parágrafos, listas, ...
B6: Listagem de evidências
B7: Sem CSS, reconhecem-se títulos, listas, ligações, botões, tabelas e campos de formulário, porque são marcados com os elementos HTML próprios. | J7: Notas:
B8: Amostra (13 páginas): /, /pedir-orcamento, /servicos, /como-funciona, /sobre-nos, /guias-apoio-senior, /guias-apoio-senior/pensao-de-sobrevivencia-o-que-fazer-apos-a-morte-de-um-familiar, /servico/all4senior-caldas-da-rainha-nossa-senhora-do-populo, /lares-em-lisboa, /estatisticas, /precos, /politica-privacidade, /acessibilidade.

Sheet 8.4
A1: voltar à página inicial | F1: 8 - ESTRUTURA DA PÁGINA
B2: S | C2: N | D2: NA
B3: x | F3: 8.4 Quando se retira a CSS, a informação relevante permanece visível
F4: Toda a informação visível deve permanecer na página sob forma textual, quando se desativam os estilos visuais.
B6: Listagem de evidências
B7: Sem CSS, todo o texto continua presente. Nenhuma informação relevante depende de imagens de fundo ou de conteúdo gerado por CSS. | J7: Notas:
B8: Amostra (13 páginas): /, /pedir-orcamento, /servicos, /como-funciona, /sobre-nos, /guias-apoio-senior, /guias-apoio-senior/pensao-de-sobrevivencia-o-que-fazer-apos-a-morte-de-um-familiar, /servico/all4senior-caldas-da-rainha-nossa-senhora-do-populo, /lares-em-lisboa, /estatisticas, /precos, /politica-privacidade, /acessibilidade.

Sheet 8.5
A1: voltar à página inicial | F1: 8 - ESTRUTURA DA PÁGINA
B2: S | C2: N | D2: NA
B3: x | F3: 8.5 A maquetização da página é feita sem recorrer ao elemento <table>
F4: A estrutura de composição gráfica da página não é feita recorrendo a elementos de tabela mas sim a uma maior diversidade de elementos semânticos (por ex., <main>) e genéricos (por ex., <div>), que permitem a recomposição visual para diferentes tipos e dimensões de ecrã.
B6: Listagem de evidências
B7: A paginação é feita com CSS (flexbox e grelha). As únicas tabelas são tabelas de dados. | J7: Notas:
B8: Amostra (13 páginas): /, /pedir-orcamento, /servicos, /como-funciona, /sobre-nos, /guias-apoio-senior, /guias-apoio-senior/pensao-de-sobrevivencia-o-que-fazer-apos-a-morte-de-um-familiar, /servico/all4senior-caldas-da-rainha-nossa-senhora-do-populo, /lares-em-lisboa, /estatisticas, /precos, /politica-privacidade, /acessibilidade.

Sheet 9.1
A1: voltar à página inicial | F1: 9 - MODAIS
B2: S | C2: N | D2: NA
B3: x | F3: 9.1 Quando a caixa de diálogo é aberta, o foco (cursor do Browser) move-se para um elemento dentro da caixa de diálogo
F4: Assim que a caixa de edição se sobrepõe à janela, o cursor do Browser deve saltar para dentro da caixa de diálogo.
B6: Listagem de evidências
B7: O modal genérico move o foco para o primeiro elemento interativo ao abrir. O visualizador de imagens move o foco para o botão "Fechar" (corrigido a 2026-10-07). | J7: Notas:
B8: Amostra (13 páginas): /, /pedir-orcamento, /servicos, /como-funciona, /sobre-nos, /guias-apoio-senior, /guias-apoio-senior/pensao-de-sobrevivencia-o-que-fazer-apos-a-morte-de-um-familiar, /servico/all4senior-caldas-da-rainha-nossa-senhora-do-populo, /lares-em-lisboa, /estatisticas, /precos, /politica-privacidade, /acessibilidade.

Sheet 9.2
A1: voltar à página inicial | F1: 9 - MODAIS
B2: S | C2: N | D2: NA
B3: x | F3: 9.2 Quando uma caixa de diálogo está aberta, a navegação com teclado (Browser ou Tecnologia de apoio) tem de ficar circunscrita aos elementos que compõem a caixa de diálogo
F4: Quando a caixa de diálogo está aberta, todos os outros elementos que se encontram fora da caixa devem permanecer inertes. Mesmo os elementos interativos (links, botões ou campos de edição) devem deixar de ser focáveis quer com teclado quer com o rato. Quando a caixa de diálogo está aberta, se ativar um leitor de ecrã e ele efetuar a leitura ou permitir focar elementos interativos que estão fora da caixa de diálogo, algo está errado.
B6: Listagem de evidências
B7: Com a caixa de diálogo aberta, o Tab e o Shift+Tab circulam apenas entre os elementos da caixa (modal genérico e visualizador de imagens). | J7: Notas:
B8: Amostra (13 páginas): /, /pedir-orcamento, /servicos, /como-funciona, /sobre-nos, /guias-apoio-senior, /guias-apoio-senior/pensao-de-sobrevivencia-o-que-fazer-apos-a-morte-de-um-familiar, /servico/all4senior-caldas-da-rainha-nossa-senhora-do-populo, /lares-em-lisboa, /estatisticas, /precos, /politica-privacidade, /acessibilidade.

Sheet 9.3
A1: voltar à página inicial | F1: 9 - MODAIS
B2: S | C2: N | D2: NA
B3: x | F3: 9.3 A caixa de diálogo tem de ter um mecanismo que permita sair ou fechar a caixa, quer através de teclado quer através de um dispositivo apontador
F4: A caixa de diálogo deve ter um mecanismo que permita sair ou fechar a caixa. Pode ser um botão "Fechar". Para além do botão "Fechar" é possível adicionar a tecla de atalho "ESC"
B6: Listagem de evidências
B7: As caixas de diálogo fecham com a tecla Esc, com o botão "Fechar" e com clique fora da caixa. | J7: Notas:
B8: Amostra (13 páginas): /, /pedir-orcamento, /servicos, /como-funciona, /sobre-nos, /guias-apoio-senior, /guias-apoio-senior/pensao-de-sobrevivencia-o-que-fazer-apos-a-morte-de-um-familiar, /servico/all4senior-caldas-da-rainha-nossa-senhora-do-populo, /lares-em-lisboa, /estatisticas, /precos, /politica-privacidade, /acessibilidade.

Sheet 9.4
A1: voltar à página inicial | F1: 9 - MODAIS
B2: S | C2: N | D2: NA
B3: x | F3: 9.4 Quando a caixa de diálogo fecha, o foco (cursor do Browser) deve voltar ao elemento interativo que a invocou
F4: É útil que ao sair da modal, o utilizador seja posicionado no elemento que usou para invocar a modal. A modal é uma espécie de parêntesis, à conversa principal. É bom que o utilizador, depois do "parêntesis", possa voltar à conversa principal, no exato ponto onde a deixou.
B6: Listagem de evidências
B7: Ao fechar, o foco volta ao elemento que abriu a caixa de diálogo (corrigido a 2026-10-07 no modal genérico e no visualizador de imagens). | J7: Notas:
B8: Amostra (13 páginas): /, /pedir-orcamento, /servicos, /como-funciona, /sobre-nos, /guias-apoio-senior, /guias-apoio-senior/pensao-de-sobrevivencia-o-que-fazer-apos-a-morte-de-um-familiar, /servico/all4senior-caldas-da-rainha-nossa-senhora-do-populo, /lares-em-lisboa, /estatisticas, /precos, /politica-privacidade, /acessibilidade.

Sheet 10.1
A1: voltar à página inicial | F1: 10 - FICHEIROS PDF
B2: S | C2: N | D2: NA
D3: x | F3: 10.1 Nos ficheiros PDF é possível, no mínimo, extrair o conteúdo textual para formato TXT
F4: Os ficheiros PDF devem ter o seu texto inteiramente extraível para que se possa passar o respetivo conteúdo para um processador de texto sem perda de informação.
B6: Listagem de evidências
B7: Não existem ficheiros PDF na amostra. | J7: Notas:
B8: Amostra (13 páginas): /, /pedir-orcamento, /servicos, /como-funciona, /sobre-nos, /guias-apoio-senior, /guias-apoio-senior/pensao-de-sobrevivencia-o-que-fazer-apos-a-morte-de-um-familiar, /servico/all4senior-caldas-da-rainha-nossa-senhora-do-populo, /lares-em-lisboa, /estatisticas, /precos, /politica-privacidade, /acessibilidade.
